 Dungeon Crawl Stone Soup version 0.22-a0-565-gfc6459a524 (webtiles) character file.

10675 PikkenKukken the Spear-Bearer (level 11, -17/89 HPs)
             Began as a Merfolk Fighter on June 29, 2018.
             Was an Elder of Yredelemnul.
             Demolished by Rupert
             ... wielding a +2 great sword of protection
              (24 damage)
             ... on level 4 of the Lair of Beasts.
             The game lasted 00:28:41 (11739 turns).

PikkenKukken the Spear-Bearer (Merfolk Fighter)    Turns: 11739, Time: 00:28:41

Health: -17/89     AC: 10    Str: 22    XL:     11   Next: 65%
Magic:  14/14      EV: 18    Int:  7    God:    Yredelemnul [****..]
Gold:   536        SH: 13    Dex: 23    Spells: 10/10 levels left

rFire    + . .     SeeInvis .   a - +3 trident (freeze)
rCold    . . .     Gourm    +   c - +1 shield
rNeg     . . .     Faith    .   E - +2 ring mail {rF+}
rPois    .         Spirit   .   (no helmet)
rElec    +         Reflect  .   (no cloak)
rCorr    .         Harm     .   (no gloves)
MR       +....                  m - +0 pair of boots
Stlth    +.........             C - amulet of the gourmand
HPRegen  0.24/turn              i - +6 ring of strength
MPRegen  0.14/turn              t - +5 ring of dexterity

@: no status effects
A: change form in water, swift swim, stealthy swim, deterioration 1, magic
resistance 1, shaggy fur 1, electricity resistance
a: Recall Undead Slaves, Injury Mirror, Animate Dead, Drain Life, Renounce
Religion


You were on level 4 of the Lair of Beasts.
You worshipped Yredelemnul.
Yredelemnul was greatly pleased with you.
You were completely stuffed.

You visited 2 branches of the dungeon, and saw 13 of its levels.
You also visited: Sewer.

You collected 536 gold pieces.

Inventory:

Hand Weapons
 a - a +3 trident of freezing (weapon)
Missiles
 h - 69 bolts
Armour
 c - a +1 shield (worn)
 m - a +0 pair of boots (worn)
 r - a +0 plate armour
 E - a +2 ring mail of fire resistance (worn)
Jewellery
 b - an uncursed ring of see invisible
 g - an uncursed ring of wizardry
 i - a +6 ring of strength (left hand)
 t - a +5 ring of dexterity (right hand)
 C - an amulet of the gourmand (around neck)
 F - an uncursed ring of flight
Wands
 p - a wand of flame (24)
 w - a wand of disintegration (13)
 y - a wand of iceblast (7)
Scrolls
 o - 3 scrolls of teleportation
 q - 2 scrolls of remove curse
 s - 2 scrolls of magic mapping
 v - a scroll of fear
 x - 2 scrolls of identify
 A - 2 scrolls of vulnerability
 B - 2 scrolls of enchant armour
Potions
 d - 2 potions of might
 e - 5 potions of flight
 j - a potion of haste
 k - 3 potions of heal wounds
 l - 2 potions of curing
 n - 2 potions of agility
 u - a potion of berserk rage
 z - a potion of brilliance {unknown}
Comestibles
 f - 17 rations


   Skills:
 + Level 9.3 Fighting
 + Level 11.3 Polearms
 + Level 6.4 Armour
 + Level 10.1 Dodging
 + Level 8.5 Shields
 - Level 5.0 Invocations


You had 10 spell levels left.
You didn't know any spells.
Your spell library contained the following spells:

 Spells                   Type           Power        Failure   Level  Hunger
 Cause Fear               Hex            #.........   100%        4    #####..
 Slow                     Hex            #.......     94%         2    ###....
 Confuse                  Hex            #.......     99%         3    ####...
 Tukima's Dance           Hex            #.......     99%         3    ####...
 Ensorcelled Hibernation  Hex/Ice        #.....       94%         2    ###....
 Corona                   Hex            #......      86%         1    ##.....
 Portal Projectile        Hex/Tloc       #.....       99%         3    ####...
 Leda's Liquefaction      Hex/Erth       #.........   100%        4    #####..
 Inner Flame              Hex/Fire       #.......     99%         3    ####...
 Dazzling Spray           Conj/Hex       #.....       99%         3    ####...


Dungeon Overview and Level Annotations

Branches:
Dungeon (9/15)             Temple (0/1) D:7            Lair (4/6) D:8
 Shoals (0/4) Lair:3
  Snake: Lair:2-4    Spider: Lair:2-4       Orc: D:9-12

Altars:
Xom
Yredelemnul

Shops:
D:5 :%%

Annotations:
Lair:2 1 runed door, Kiyg's ghost, journeyman MiAK
Lair:3 1 runed door, exclusion: oklob plant, brujo666's ghost, journeyman DsFi
Lair:4 Rupert


Innate Abilities, Weirdness & Mutations

You revert to your normal form in water.
You are very nimble and swift while swimming.
You are very stealthy in the water. (Stealth+)
Your body sometimes deteriorates upon taking damage.
You are resistant to hostile enchantments. (MR+)
You are covered in fur. (AC +1)
You are resistant to electric shocks. (rElec)


Message History

You hit Rupert. You freeze Rupert.
Rupert is moderately wounded.
Rupert closely misses you.
You puncture Rupert! You freeze Rupert.
Rupert is moderately wounded.
Rupert hits you with a great sword of protection!
Your crocodile zombie bites Rupert!
You puncture Rupert! You freeze Rupert.
Rupert is heavily wounded.
Rupert hits you with a great sword of protection!!!
Your crocodile zombie bites Rupert but does no damage.
You closely miss Rupert.
Rupert is heavily wounded.
Rupert hits you with a great sword of protection!!
* * * LOW HITPOINT WARNING * * *
You hit Rupert but do no damage.
Rupert is heavily wounded.
Rupert hits you with a great sword of protection!!
You die...
Your body rises from the dead as a mindless zombie.

### # #.P########.#
........#.#.
........+.. ......?.#.
.........# .......@@#
#.###+Z## #.#M##
##########..#
####.#.#.##PP.#######
..##..........Z.....#
..P...........M....##
....................##
...#...............#.#


You could see Rupert (berserk), a friendly mummy and a friendly crocodile
zombie.

Vanquished Creatures
  2 spiny frogs
  A rime drake (Lair:1)
  2 komodo dragons
  A polar bear (Lair:3)
  A spriggan (D:8)
  9 yaks
  A hungry ghost (D:8)
  Menkaure (D:5)
  Edmund (D:5)
  6 water moccasins
  Duvessa (D:5)
  2 porcupines
  2 orc warriors
  An ice beast (D:5)
  A sky beast (D:6)
  2 ogres
  A phantom (D:4)
  3 centaurs
  A crocodile (Lair:4)
  A rime drake zombie (Lair:1)
  2 big kobolds
  7 bullfrogs
  A komodo dragon skeleton (Lair:1)
  Dowan (D:5)
  2 scorpions
  A wyvern skeleton (D:7)
  6 killer bees
  2 electric eels (Lair:3)
  3 howler monkeys
  A wolf skeleton (Lair:1)
  A wolf zombie (Lair:1)
  A jelly (D:5)
  6 crimson imps
  6 hounds
  5 orc priests
  A centaur skeleton (D:5)
  A gnoll shaman (D:5)
  An iguana (D:5)
  8 orc wizards
  A porcupine zombie (Lair:1)
  3 worker ants
  2 hound zombies
  A worker ant zombie (D:5)
  A river rat (Sewer)
  11 adders
  4 gnolls (D:5)
  6 shadow imps
  2 worms
  2 dart slugs (D:1)
  5 leopard geckos
  22 orcs
  6 giant cockroaches
  5 hobgoblins
  12 jackals
  13 kobolds
  3 quokkas
  2 ball pythons (D:3)
  3 bats
  7 frilled lizards
  5 goblins
  2 jackal skeletons
  A leopard gecko skeleton (D:7)
  23 rats
238 creatures vanquished.

Vanquished Creatures (collateral kills)
  Harold (Lair:1)
  2 black mambas
  2 spiny frogs
  11 yaks
  Grum (Lair:1)
  A basilisk (Lair:2)
  2 water moccasins (Lair:3)
  3 porcupines
  8 wolves
  A crocodile (Lair:3)
  2 bullfrogs (Lair:3)
  2 electric eels (Lair:3)
  9 fungi (Lair:2)
  8 plants
53 creatures vanquished.

Vanquished Creatures (others)
  4 flying skulls
  A black mamba zombie (Lair:3)
  A water moccasin zombie (Lair:1)
  A crimson imp (D:7)
  An electric eel zombie (Lair:3)
  A leopard gecko (D:7)
  A plant (Lair:3)
10 creatures vanquished.

Grand Total: 301 creatures vanquished

Notes
Turn   | Place    | Note
-------+----------+-------------------------------------------
     0 | D:1      | PikkenKukken the Merfolk Fighter began the quest for the Orb.
     0 | D:1      | Reached XP level 1. HP: 18/18 MP: 1/1
    46 | D:1      | Reached XP level 2. HP: 21/24 MP: 2/2
   158 | D:1      | Reached skill level 1 in Dodging
   293 | D:1      | Reached XP level 3. HP: 25/29 MP: 3/3
   941 | D:2      | Found a faded altar of an unknown god.
  1073 | D:2      | Reached XP level 4. HP: 31/37 MP: 4/4
  1545 | D:2      | Found a basalt altar of Yredelemnul.
  1553 | D:2      | Became a worshipper of Yredelemnul the Dark
  1781 | D:3      | Reached skill level 4 in Polearms
  1781 | D:3      | Reached XP level 5. HP: 37/42 MP: 5/5
  1962 | D:3      | Found a glowing drain.
  1971 | Sewer    | Entered a sewer
  2144 | Sewer    | Noticed a big kobold
  2169 | Sewer    | Reached * piety under Yredelemnul
  2187 | Sewer    | Killed a big kobold
  2188 | Sewer    | Reached XP level 6. HP: 47/49 MP: 6/6
  2231 | Sewer    | Found a white marble altar of Elyvilon.
  2869 | D:4      | Noticed a phantom
  2922 | D:4      | Killed a phantom
  3217 | D:5      | Entered Level 5 of the Dungeon
  3278 | D:5      | Reached skill level 5 in Polearms
  3278 | D:5      | Reached skill level 1 in Invocations
  3405 | D:5      | Noticed a water moccasin
  3410 | D:5      | Reached XP level 7. HP: 55/55 MP: 7/7
  3571 | D:5      | Found Hocsuapung's Food Shop.
  3579 | D:5      | Found Ywohaa's Food Shop.
  3611 | D:5      | Reached skill level 5 in Fighting
  3669 | D:5      | Noticed Menkaure
  3678 | D:5      | Killed Menkaure
  3685 | D:5      | HP: 2/56 [shadow imp/nerve-wracking pain (8)]
  3692 | D:5      | Reached ** piety under Yredelemnul
  3890 | D:5      | Noticed Edmund
  3980 | D:5      | Killed Edmund
  3980 | D:5      | Reached skill level 6 in Polearms
  3980 | D:5      | Reached XP level 8. HP: 44/62 MP: 9/9
  4339 | D:5      | Found Hommem's Book Shoppe.
  4482 | D:5      | Noticed Dowan
  4482 | D:5      | Noticed Duvessa
  4508 | D:5      | Killed Duvessa
  4508 | D:5      | Reached skill level 5 in Dodging
  4508 | D:5      | Reached skill level 5 in Shields
  4515 | D:5      | Killed Dowan
  5140 | D:5      | Reached skill level 7 in Polearms
  5234 | D:5      | Reached XP level 9. HP: 69/69 MP: 11/11
  5787 | D:7      | Found a shimmering altar of Xom.
  5996 | D:7      | Reached *** piety under Yredelemnul
  6414 | D:7      | Reached skill level 8 in Polearms
  6485 | D:7      | Found a staircase to the Ecumenical Temple.
  7233 | D:7      | Reached skill level 5 in Invocations
  7432 | D:8      | Found a staircase to the Lair.
  7563 | D:8      | Reached XP level 10. HP: 57/79 MP: 13/13
  7707 | D:7      | Reached skill level 5 in Armour
  8053 | D:8      | Reached skill level 9 in Polearms
  8539 | Lair:1   | Entered Level 1 of the Lair of Beasts
  8783 | Lair:1   | Noticed Grum
  8795 | Lair:1   | Killed Grum
  9245 | Lair:1   | Noticed a spiny frog
  9257 | Lair:1   | Killed a spiny frog
  9322 | Lair:1   | Noticed Harold
  9342 | Lair:1   | Killed Harold
  9342 | Lair:1   | Reached skill level 10 in Polearms
  9390 | Lair:1   | Received a gift from Yredelemnul (4 flying skulls)
  9709 | Lair:2   | Noticed a black mamba
  9718 | Lair:1   | Killed a black mamba
  9718 | Lair:1   | Reached XP level 11. HP: 81/87 MP: 14/14
  9772 | Lair:2   | Gained mutation: You expend magic power (3 MP) to strengthen your wands. [potion of mutation]
  9772 | Lair:2   | Gained mutation: You are robust. (+10% HP) [potion of mutation]
  9773 | Lair:2   | Lost mutation: You expend magic power (3 MP) to strengthen your wands. [potion of mutation]
  9773 | Lair:2   | Lost mutation: You are robust. (+10% HP) [potion of mutation]
  9773 | Lair:2   | Gained mutation: You are resistant to hostile enchantments. (MR+) [potion of mutation]
  9773 | Lair:2   | Gained mutation: You are resistant to electric shocks. (rElec) [potion of mutation]
  9773 | Lair:2   | Gained mutation: Your body sometimes deteriorates upon taking damage. [potion of mutation]
  9773 | Lair:2   | Gained mutation: You are covered in fur. (AC +1) [potion of mutation]
 10409 | Lair:2   | Found a runed door.
 10452 | Lair:2   | Noticed Kiyg's ghost (journeyman MiAK)
 10748 | Lair:3   | Found a staircase to the Shoals.
 10791 | Lair:3   | Reached **** piety under Yredelemnul
 10864 | Lair:3   | Reached skill level 11 in Polearms
 11149 | Lair:3   | Found a runed door.
 11149 | Lair:3   | Noticed brujo666's ghost (journeyman DsFi)
 11211 | Lair:3   | Received a gift from Yredelemnul (a mummy)
 11222 | Lair:3   | Reached skill level 10 in Dodging
 11373 | Lair:3   | Noticed an oklob plant
 11720 | Lair:4   | Noticed Rupert
 11739 | Lair:4   | Demolished by Rupert

Vault maps used:
D:1:      elethiomel_arrival_shortcut
D:2:      lemuel_coloured_pillars_altar, chequers_ecumenical_altar_simple_redux,
          minmay_lizard_pond
D:3:      portal_sewer_entry_a, first_ration, patterned_corridor
D:5:      serial_shops, nicolae_shop_stone, shop, shop, uniq_duvessa,
          uniq_edmund, uniq_menkaure
D:7:      temple_doors_ab, basic_altar
D:8:      dpeg_oklobed_lair, the_bakery, eino_small_chamber_without_monster,
          kennysheep_generic_room_16
D:9:      serial_shops, nicolae_shop_crystal
Lair:1:   uniq_harold, uniq_grum
Lair:2:   ebering_ghost_reflecting_pool
Lair:3:   elwin_shoals_entry_rocks, ebering_ghost_reflecting_pool, st_stairs_7,
          serial_bayou_lake_a, minmay_lair_oklob_chamber, serial_bayou_shore_b,
          grunt_megastairs_3
Lair:4:   spider_nest_entry_webs, uniq_rupert
Sewer:    sewer_kobolds

Skill      XL: |  1  2  3  4  5  6  7  8  9 10 11 |
---------------+----------------------------------+-----
Dodging        | 1 2 3 4 5 7 9 10 | 10.1
Fighting       | 4 5 6 7 8 9 |  9.3
Polearms       | 4 5 6 7 8 10 11 | 11.3
Shields        | 4 5 6 7 8 |  8.5
Armour         | 3 4 5 6 |  6.4
Invocations    | 1 2 3 5 |  5.0

Action                   |  1- 3 |  4- 6 |  7- 9 | 10-12 || total
-------------------------+-------+-------+-------+-------++-------
Melee: Trident           |   136 |   200 |   587 |   290 ||  1213
       Tailslap          |       |     1 |       |     5 ||     6
Invok: Animate Dead      |       |       |       |    17 ||    17
  Use: Scroll            |     5 |     2 |     6 |     4 ||    17
       Potion            |       |       |     2 |     6 ||     8
 Stab: Sleeping          |       |       |     1 |     2 ||     3
       Distracted        |       |       |       |     8 ||     8
  Eat: Chunk             |     1 |     7 |    10 |    18 ||    36
       Ration            |       |       |     3 |     2 ||     5
Armor: Scale mail        |    42 |    42 |    27 |       ||   111
       Leather armour    |       |       |    42 |    18 ||    60
       Ring mail         |       |       |       |     6 ||     6
Dodge: Dodged            |    33 |    44 |   185 |   136 ||   398
Block: Shield            |    51 |    64 |   281 |   148 ||   544

Table legend:
 A = Spawn XP
 B = Non-spawn XP
 C = Spawn XP percentage of total XP
 D = Spawn monster count
 E = Non-spawn monster count
 F = Spawn count percentage of total count
 G = Total turns spent on level
                    A         B        C        D         E        F      G
               +---------+---------+-------+---------+---------+-------+---------
         Total |       0 |   15251 |   0.0 |       0 |     270 |   0.0 | 11739
               +---------+---------+-------+---------+---------+-------+---------
           D:1 |       0 |      44 |   0.0 |       0 |      23 |   0.0 |   738
           D:2 |       0 |      59 |   0.0 |       0 |      24 |   0.0 |   864
           D:3 |       0 |     102 |   0.0 |       0 |      22 |   0.0 |   716
           D:4 |       0 |     169 |   0.0 |       0 |       8 |   0.0 |   603
           D:5 |       0 |    1784 |   0.0 |       0 |      46 |   0.0 |  2026
           D:6 |       0 |     719 |   0.0 |       0 |      17 |   0.0 |   699
           D:7 |       0 |    1339 |   0.0 |       0 |      35 |   0.0 |  1640
           D:8 |       0 |    1125 |   0.0 |       0 |      17 |   0.0 |   953
        Lair:1 |       0 |    3988 |   0.0 |       0 |      21 |   0.0 |  1182
        Lair:2 |       0 |    2376 |   0.0 |       0 |      19 |   0.0 |  1025
        Lair:3 |       0 |    3333 |   0.0 |       0 |      24 |   0.0 |   904
        Lair:4 |       0 |      90 |   0.0 |       0 |       1 |   0.0 |    89
         Sewer |       0 |     123 |   0.0 |       0 |      13 |   0.0 |   296
               +---------+---------+-------+---------+---------+-------+---------
